 Dungeon Crawl Stone Soup version 0.30-a0-1160-g6e42c06551 (webtiles) character file.

Game seed: 10129531421234802939

263 NotreDorf the Trooper (level 5, -6/41 (47) HPs)
             Began as a Minotaur Berserker on Apr 26, 2023.
             Was a Believer of Trog.
             Mangled by Edmund
             ... wielding a +2 flail of draining
              (15 damage)
             ... on level 4 of the Dungeon.
             The game lasted 00:09:10 (2387 turns).

NotreDorf the Trooper (Minotaur Berserker)          Turns: 2387, Time: 00:09:10

HP:   -6/41 (47)    AC:  4    Str: 23    XL:     5   Next: 98%
MP:   4/4           EV: 13    Int:  4    God:    Trog [**....]
Gold: 205           SH: 11    Dex: 16    Spells: 4/4 levels left

rFire   . . .        a - +0 mace
rCold   . . .        r - +2 buckler
rNeg    . . .        b - +0 animal skin
rPois   .            (helmet restricted)
rElec   .            (no cloak)
rCorr   .            p - +0 pair of gloves
SInv    .            e - +0 pair of boots
Will    .....        k - amulet of reflection
Stlth   +            n - +6 ring of dexterity
HPRegen 0.26/turn    (no ring)
MPRegen 0.09/turn

%: reflection
@: heavily drained
A: horns 2, retaliatory headbutt
a: Renounce Religion, Berserk, Trog's Hand


You were on level 4 of the Dungeon.
You worshipped Trog.
Trog was pleased with you.
You visited 1 branch of the dungeon, and saw 4 of its levels.

You collected 205 gold pieces.

Inventory:

Hand Weapons
 a - a +0 mace (weapon)
Missiles
 h - 45 stones (quivered)
Armour
 b - a +0 animal skin (worn)
 e - a +0 pair of boots (worn)
 p - a +0 pair of gloves (worn)
 r - a +2 buckler (worn)
Jewellery
 i - an amulet of guardian spirit
 k - an amulet of reflection (around neck)
 n - a +6 ring of dexterity (left hand)
Wands
 v - a wand of light (5)
Scrolls
 d - a scroll of enchant armour {unknown}
 f - 2 scrolls of fog
 g - a scroll of summoning {unknown}
 j - a scroll of fear
 l - 2 scrolls of magic mapping
 m - a scroll of immolation
 o - a scroll of blinking {unknown}
 s - 2 scrolls of teleportation {unknown}
 w - a scroll of enchant weapon {unknown}
Potions
 c - a potion of heal wounds
 q - a potion of curing
 t - a potion of resistance
 u - a potion of berserk rage


   Skills:
 + Level 4.8 Fighting
 + Level 4.8 Maces & Flails
 + Level 2.0 Throwing
 + Level 3.9 Armour
 + Level 3.6 Dodging
 + Level 1.5 Shields


You had 4 spell levels left.
You didn't know any spells.
Your spell library was empty.

Dungeon Overview and Level Annotations

Branches:
Dungeon (4/15)
 Temple: D:4-7

Altars:

Annotations:
D:4 Edmund


Innate Abilities, Weirdness & Mutations

You have a pair of horns on your head.
You reflexively headbutt those who attack you in melee.


Message History

You hit Edmund but do no damage. You headbutt Edmund.
Edmund is lightly wounded.
You block Edmund's attack.
You hit Edmund.
Edmund is lightly wounded.
Edmund barely misses you.
You hit Edmund but do no damage.
Edmund is lightly wounded.
Edmund hits you with a +2 flail of draining!
You feel drained.
You hit Edmund. You headbutt Edmund!
Edmund is heavily wounded.
Edmund closely misses you.
You hit Edmund but do no damage.
Edmund is heavily wounded.
You block Edmund's attack.
Edmund hits you with a +2 flail of draining!
You feel drained.
You closely miss Edmund.
Edmund is heavily wounded.
Edmund barely misses you.
You sock Edmund! You headbutt Edmund.
Edmund is severely wounded.
Edmund closely misses you.
You sock Edmund!
Edmund is severely wounded.
You block Edmund's attack.
You hit Edmund.
Edmund is almost dead.
Edmund hits you with a +2 flail of draining.
* * * LOW HITPOINT WARNING * * *
You feel drained.
* * * LOW HITPOINT WARNING * * *
You hit Edmund. You headbutt Edmund.
Edmund is almost dead.
Edmund completely misses you.
You hit Edmund but do no damage.
Edmund is almost dead.
Edmund hits you with a +2 flail of draining!
You die...

#.<...>#.....)................#
+......#.......##...##...##...#
#......#.......##...##...##...#
#......#.......#....# ...
#......#)......'....# ..
#......')......#....#
###..†.##.##...##...#
###..))#####..@##..[#
.........)......@# ....
.................# ...
................<# ...
...##...>...##...# ...
#######'##...# .. . #...# ##
#...# ..... ##....


You could see Edmund.

Vanquished Creatures
  A water moccasin (D:4)
  An orc priest (D:4)
  7 adders
  A worm (D:4)
  2 dart slugs (D:1)
  5 orcs (D:4)
  4 ball pythons
  3 endoplasms
  2 giant cockroaches (D:1)
  5 goblins
  5 hobgoblins
  4 kobolds
  4 quokkas
  5 bats
  2 frilled lizards (D:1)
  2 rats (D:1)
53 creatures vanquished.

Notes
Turn   | Place    | Note
-------+----------+-------------------------------------------
     0 | D:1      | NotreDorf the Minotaur Berserker began the quest for the
                  | Orb.
     0 | D:1      | Reached XP level 1. HP: 19/19 MP: 0/0
   126 | D:1      | Reached XP level 2. HP: 27/27 MP: 1/1
   908 | D:2      | Reached XP level 3. HP: 33/33 MP: 2/2
  1579 | D:2      | Reached skill level 1 in Throwing
  1676 | D:3      | Reached XP level 4. HP: 39/40 MP: 3/3
  1714 | D:3      | Reached ** piety under Trog
  2135 | D:4      | Reached XP level 5. HP: 47/47 MP: 4/4
  2236 | D:4      | Noticed a water moccasin
  2244 | D:4      | Killed a water moccasin
  2245 | D:4      | Reached skill level 1 in Shields
  2330 | D:4      | Noticed Edmund
  2387 | D:4      | Mangled by Edmund

Illustrated notes

Levels and vault maps discovered:
D:1:      reono_arrival_forest_river, layout_loops_cross, serial_forest,
          infiniplex_forest_end_2, infiniplex_forest_clump_long,
          infiniplex_forest_straight_2, infiniplex_forest_straight_1,
          infiniplex_forest_clump_cross, infiniplex_forest_clump_double,
          infiniplex_forest_lined_1, minmay_small_reverse_x
D:2:      layout_basic
D:3:      layout_rooms
D:4:      layout_gridville, nicolae_qazlal_beasts_of_the_sky,
          lightli_temple_of_fire, ebering_ghost_sewer_f, minmay_distorted,
          uniq_edmund

Skill      XL: |  1  2  3  4  5 |
---------------+----------------+-----
Fighting       | 4 |  4.8
Maces & Flails | 4 |  4.8
Armour         | 3 |  3.9
Throwing       | 1 2 |  2.0
Dodging        | 3 |  3.6
Shields        | 1 |  1.5

Action                     |  1- 3 |  4- 6 || total
---------------------------+-------+-------++-------
  Melee: Mace              |    60 |    58 ||   118
         Headbutt          |     9 |    14 ||    23
  Throw: Stone             |       |     2 ||     2
 Invoke: Berserk           |       |     1 ||     1
    Use: Scroll            |     4 |     3 ||     7
         Potion            |     3 |     1 ||     4
   Stab: Sleeping          |       |     3 ||     3
 Armour: Animal skin       |    10 |     8 ||    18
  Dodge: Dodged            |    32 |    34 ||    66
  Block: Other             |     4 |     9 ||    13
         Buckler           |       |    14 ||    14

Table legend: (Time is in decaauts)
 A = Elapsed time spent in this place.
 B = Non-inter-level travel time spent in this place.
 C = Inter-level travel time spent in this place.
 D = Time resting spent in this place.
 E = Time spent auto-exploring this place.
 F = Levels seen in this place.
 G = Mean time per level.
                   A        B        C        D        E       F      G
               +--------+--------+--------+--------+--------+-----+--------+
         Total |   2451 |   2366 |     85 |    108 |   1706 |   4 |  612.8 |
       Dungeon |   2451 |   2366 |     85 |    108 |   1706 |   4 |  612.8 |
               +--------+--------+--------+--------+--------+-----+--------+

Top non-repeatable levels by time:
     D:1: 874 daAuts
     D:2: 794 daAuts
     D:3: 484 daAuts
     D:4: 298 daAuts
